Map: Acid Plant LE

Players

Denver

  • Race: Zerg Zerg
  • Spawn Location: 5:00

TooDming - Winner!

  • Race: Zerg Zerg
  • Spawn Location: 11:00

Event: WCS Montreal 2018

VOD

Have the link to the VOD?

Description

Time

  • Played on: Sept. 7, 2018, 7:18 p.m.
  • Length: 6:45

All games in this series

Show
View Real Time Build Order
Export as new Build Order

Denver Zerg 

Build Orders: Hatch First 

Get SALT Encoding   

  12  0:00  Drone  
  13  0:12  Overlord  
  13  0:17  Drone  
  14  0:31  Drone x2  
  16  0:48  Hatchery  
  15  0:52  Drone  
  15  0:55  Drone  
  17  1:00  Drone  
  18  1:09  Extractor  
  17  1:14  Spawning Pool  
  17  1:17  Drone  
  17  1:20  Drone  
  18  1:28  Drone  
  19  1:40  Drone  
  20  2:01  Queen x2  
  20  2:02  Zergling x4  
  20  2:03  Overlord  
  26  2:09  Metabolic Boost  
  26  2:11  Drone  
  26  2:13  Drone  
  28  2:23  Drone x2  
  30  2:37  Baneling Nest  
  30  2:42  Hatchery  
  28  2:45  Drone  
  28  2:48  Drone  
  30  2:51  Drone  
  30  2:55  Drone x2  
  33  3:01  Overlord  
  34  3:05  Zergling x2  
  34  3:06  Zergling x2  
  35  3:16  Zergling x2  
  35  3:19  Queen  
  38  3:21  Zergling x4  
  38  3:23  Zergling x2  
  38  3:25  Baneling x2  
  38  3:26  Baneling  
  40  3:28  Zergling x2  
  40  3:31  Zergling x2  
  42  3:35  Overlord  
  42  3:40  Drone  
  43  3:46  Drone  
  44  3:53  Overlord  
  44  3:56  Evolution Chamber  
  44  3:58  Zergling x10  
  47  4:04  Drone  
  47  4:07  Baneling  
  47  4:08  Baneling  
  48  4:10  Drone  
  48  4:11  Drone x2  
  48  4:13  Drone x2  
  48  4:16  Drone  
  54  4:18  Baneling x2  
  52  4:34  Overlord  
  52  4:37  Extractor, Roach Warren  
  52  4:38  Zergling x10  
  52  4:41  Zergling x2  
  52  4:42  Zergling x2  
  52  4:44  Zergling x2  
  52  4:45  Zergling x2  
  56  4:46  Zergling x2  
  56  4:55  Zergling x8  
  56  4:56  Zergling x2  
  56  4:59  Zergling x4  
  63  5:01  Baneling  
  63  5:02  Baneling x2  
  63  5:04  Zergling x2  
  63  5:05  Zergling x2  
  65  5:10  Zergling x4  
  65  5:13  Overlord  
  67  5:16  Zergling x4  
  69  5:23  Zergling x2  
  69  5:24  Zergling x6  
  68  5:31  Zergling x8  
  65  5:36  Roach x2  
  65  5:39  Baneling x2  
  65  5:41  Baneling x2  
  65  5:42  Baneling  
  60  5:50  Roach  
  60  5:51  Roach x2  
  60  5:55  Roach x2  
  58  6:01  Roach x2  
  58  6:04  Zergling x4  
  58  6:08  Roach  
  62  6:16  Zergling x10  
  58  6:23  Zergling x2, Roach  
  58  6:24  Zergling x2  
Show
View Real Time Build Order
Export as new Build Order

TooDming Zerg - Winner!

Build Orders: 3 Hatch before Pool 

Get SALT Encoding   

  12  0:00  Drone  
  13  0:12  Overlord  
  13  0:16  Drone  
  14  0:31  Drone x2  
  16  0:48  Hatchery  
  15  0:52  Drone  
  15  0:55  Drone  
  17  0:57  Drone  
  18  1:07  Drone  
  19  1:21  Hatchery  
  19  1:25  Drone  
  19  1:28  Drone  
  20  1:35  Extractor  
  19  1:42  Spawning Pool  
  19  1:45  Drone  
  19  1:49  Drone  
  20  2:00  Drone  
  21  2:02  Drone  
  22  2:12  Drone x2  
  24  2:29  Queen x2  
  28  2:32  Queen  
  28  2:35  Metabolic Boost  
  28  2:36  Zergling x2  
  31  2:38  Zergling x2  
  31  2:42  Overlord  
  32  2:45  Zergling x2  
  32  2:48  Drone  
  34  3:03  Drone x6  
  40  3:10  Overlord  
  40  3:11  Drone  
  41  3:17  Drone  
  42  3:28  Overlord, Roach Warren  
  42  3:29  Zergling x4  
  42  3:30  Zergling x2  
  42  3:32  Zergling x2  
  45  3:40  Zergling x8  
  47  3:50  Overlord  
  47  3:51  Overlord  
  46  4:14  Roach x8  
  61  4:21  Overlord  
  61  4:26  Roach x2  
  64  4:34  Roach  
  66  4:40  Roach x2  
  70  4:46  Zergling x2, Overlord  
  70  4:47  Zergling x10  
  70  4:50  Zergling x2  
  70  4:51  Zergling x6  
  79  4:57  Baneling Nest  
  79  4:58  Zergling x4  
  80  5:01  Zergling x2  
  80  5:06  Zergling x2  
  82  5:11  Zergling x4  
  82  5:12  Zergling x4  
  82  5:14  Zergling x2  
  87  5:20  Overlord  
  79  5:30  Zergling x2  
  79  5:31  Zergling x12  
  79  5:35  Zergling x2  
  78  5:39  Zergling x2  
  78  5:41  Baneling x2  
  78  5:43  Baneling x2  
  78  5:44  Baneling  
  78  5:48  Zergling x2  
  70  5:50  Zergling x8  
  70  5:51  Zergling x8  
  70  5:53  Zergling x2  
  72  5:58  Zergling x2  
  69  6:05  Zergling x8  
  69  6:10  Ravager  
  73  6:14  Zergling x2  
  73  6:15  Zergling x2  
  73  6:16  Zergling x2  
  73  6:18  Zergling x4  
  72  6:21  Zergling x2  
  70  6:25  Zergling x2  
  70  6:26  Zergling x2  
  70  6:39  Ravager  
Tags
 
Add a new tag
Caveats
  • Supply blocks, unpowered buildings, or Contaminate may cause inaccurate times.
  • Supply counts are checked every 10 seconds.